 Dungeon Crawl Stone Soup version 0.30-a0-557-ge2afbf3030 (webtiles) character file.

Game seed: 591492897135551022

1296 Dirtsage the Changer (level 8, -2/54 HPs)
             Began as an Octopode Transmuter on Dec 27, 2022.
             Slain by a two-headed ogre
             ... wielding a +0 giant club
              (13 damage)
             ... on level 6 of the Dungeon.
             The game lasted 00:10:50 (3820 turns).

Dirtsage the Changer (Octopode Transmuter)          Turns: 3820, Time: 00:10:51

Health: -2/54      AC:  1    Str:  9    XL:     8   Next: 56%
Magic:  11/11      EV: 13    Int: 24    God:
Gold:   279        SH:  0    Dex: 12    Spells: 4/11 levels left

rFire   . . .      SeeInvis .      - Unarmed
rCold   . . .      Faith    .    (no shield)
rNeg    . . .      Spirit   .    (helmet restricted)
rPois   .          Reflect  .    (no amulet)
rElec   .          Harm     .    e - +6 ring of intelligence
rCorr   .          Rampage  .    (no ring)
Will    .....                    (no ring)
Stlth   +++                      (no ring)
HPRegen 0.29/turn                (no ring)
MPRegen 0.12/turn                (no ring)
                                 (no ring)
                                 (no ring)

@: on berserk cooldown, slowed, very slow
A: almost no armour, amphibious, 8 rings, camouflage 1, gelatinous body 1,
nimble swimmer 1, tentacles
a: no special abilities


You were on level 6 of the Dungeon.
You visited 1 branch of the dungeon, and saw 6 of its levels.

You collected 279 gold pieces.

Inventory:

Missiles
 i - a throwing net
Magical Staves
 q - a staff of death
Jewellery
 e - a +6 ring of intelligence (left tentacle)
Scrolls
 a - 2 scrolls of enchant armour {unknown}
 c - a scroll of noise {unknown}
 f - 2 scrolls of identify {unknown}
 g - 2 scrolls of torment {unknown}
 h - a scroll of immolation {unknown}
 j - a scroll of fear {unknown}
 k - 4 scrolls of amnesia {unknown}
 n - a scroll of vulnerability {unknown}
 p - a scroll of teleportation {unknown}
 r - a scroll of blinking {unknown}
 s - a scroll of poison {unknown}
Potions
 d - a potion of haste {unknown}
 l - a potion of curing {unknown}
 m - a potion of attraction {unknown}
 o - a potion of flight {unknown}
 t - a potion of mutation {unknown}


   Skills:
 + Level 3.6 Fighting
 - Level 2.0 Dodging
 + Level 4.8 Unarmed Combat
 - Level 2.0 Spellcasting
 * Level 6.3 Transmutations
 * Level 5.9 Ice Magic


You had 4 spell levels left.
You knew the following spells:

 Your Spells              Type           Power      Damage    Failure   Level
a - Beastly Appendage     Tmut           66%        N/A       1%          1
b - Wereblood             Tmut           33%        N/A       1%          2
c - Ice Form              Ice/Tmut       31%        N/A       10%         4

Your spell library contained the following spells:

 Spells                   Type           Power      Damage    Failure   Level
 Spider Form              Tmut/Pois      17%        N/A       10%         3
 Apportation              Tloc           4%         N/A       12%         1
 Alistair's Intoxication  Tmut/Pois      11%        N/A       65%         5


Dungeon Overview and Level Annotations

Branches:
Dungeon (6/15)
 Temple: D:4-7

Altars:
Xom

Annotations:
D:6 Menkaure


Innate Abilities, Weirdness & Mutations

You cannot wear most types of armour.
You are amphibious.
You can wear up to eight rings at the same time.
Your skin changes colour to match your surroundings (Stealth+).
Your rubbery body absorbs attacks. (AC +1, EV +1)
You are camouflaged when in or above water. (Stealth+)
You have tentacles for arms and can constrict up to eight enemies at once.


Message History

The orc warrior shoots a bolt.
The bolt hits you but does no damage.
You hear a shout!
You warm up again.
You now have 34/54 hp.
You start resting.
A two-headed ogre is nearby!
You regained 5 hp, and now have 41/54 hp.
The two-headed ogre shouts in stereo!
It was a potion of berserk rage.
A red film seems to cover your vision as you go berserk!
You feel yourself moving faster!
You feel mighty!
You now have 64/81 hp.
You feel a strong urge to attack something.
Unknown command.
The two-headed ogre hits you with a +0 giant club!
The two-headed ogre barely misses you.
You take 12 damage, and have 52/81 hp.
You barely miss the two-headed ogre. You squeeze the two-headed ogre!
The two-headed ogre is lightly wounded.
You barely miss the two-headed ogre.
The two-headed ogre is lightly wounded.
The two-headed ogre misses you. x2
You bludgeon the two-headed ogre!
The two-headed ogre is moderately wounded.
You completely miss the two-headed ogre.
The two-headed ogre is moderately wounded.
You tentacle-slap the two-headed ogre.
The two-headed ogre is heavily wounded.
The two-headed ogre barely misses you. x2
You bludgeon the two-headed ogre!
The two-headed ogre is heavily wounded.
You bludgeon the two-headed ogre!
The two-headed ogre is severely wounded.
You are no longer berserk.
You are exhausted.
You feel yourself slow down.
The two-headed ogre hits you with a +0 giant club!!
* * * LOW HITPOINT WARNING * * *
The two-headed ogre hits you with a +0 giant club!
You die...

#.~~~....#.##.# #.#.~~~....#.##..
#.#.≈≈)..P[#.##..
#.#.~≈≈....#...##
#'###≈~....##....
#################...#≈~P...######
................#...#≈~....#
≈~~≈~≈~~~~≈~≈≈÷O#####≈~....#
≈~~≈†≈≈≈≈≈≈≈≈≈≈≈@≈≈≈≈≈≈....#
~~~~~~~~~≈~~~≈~≈~~≈~~≈~....#
........P.............P....#
..........P................#
############################


You could see a two-headed ogre.

Vanquished Creatures
  Edmund (D:6)
  2 ice beasts (D:6)
  A black bear (D:4)
  A sky beast (D:6)
  A bullfrog (D:6)
  6 howler monkeys (D:6)
  8 hounds
  A jelly (D:4)
  A gnoll bouda (D:6)
  4 orc wizards
  A gnoll (D:1)
  3 adders
  An adder zombie (D:3)
  A worm (D:2)
  A dart slug (D:1)
  15 orcs
  5 ball pythons
  5 endoplasms
  2 giant cockroaches (D:1)
  7 goblins
  5 hobgoblins
  5 jackals
  3 quokkas (D:1)
  A ball python skeleton (D:3)
  7 bats
  4 frilled lizards
  2 giant cockroach zombies (D:3)
  6 kobolds
  2 quokka zombies (D:3)
  7 rats
109 creatures vanquished.

Vanquished Creatures (others)
  A fungus (D:6)
  2 plants (D:6)
3 creatures vanquished.

Grand Total: 112 creatures vanquished

Notes
Turn   | Place    | Note
-------+----------+-------------------------------------------
     0 | D:1      | Dirtsage the Octopode Transmuter began the quest for the
                  | Orb.
     0 | D:1      | Reached XP level 1. HP: 13/13 MP: 3/3
   101 | D:1      | Reached skill level 1 in Ice Magic
   101 | D:1      | Reached XP level 2. HP: 18/18 MP: 5/5
   315 | D:1      | Reached XP level 3. HP: 7/23 MP: 6/6
   397 | D:1      | Learned a level 2 spell: Wereblood
   786 | D:1      | Reached skill level 3 in Transmutations
  1105 | D:2      | Reached XP level 4. HP: 24/28 MP: 5/7
  1906 | D:2      | Learned a level 4 spell: Ice Form
  2011 | D:3      | Found a faded altar of an unknown god.
  2058 | D:3      | Reached XP level 5. HP: 29/33 MP: 6/8
  2550 | D:4      | Noticed a black bear
  2563 | D:4      | Killed a black bear
  2564 | D:4      | Reached skill level 4 in Transmutations
  2564 | D:4      | Reached XP level 6. HP: 39/39 MP: 9/9
  2887 | D:4      | You fall into a shaft and drop 2 floors!
  2918 | D:6      | Noticed Menkaure
  2932 | D:5      | Entered Level 5 of the Dungeon
  2935 | D:5      | Found a shimmering altar of Xom.
  3019 | D:6      | Noticed an ice beast
  3033 | D:6      | Killed an ice beast
  3034 | D:6      | Reached XP level 7. HP: 36/45 MP: 6/10
  3115 | D:6      | Reached skill level 5 in Transmutations
  3363 | D:6      | Reached skill level 5 in Ice Magic
  3365 | D:6      | Reached XP level 8. HP: 45/52 MP: 9/11
  3528 | D:6      | Reached skill level 6 in Transmutations
  3551 | D:6      | Noticed a two-headed ogre
  3635 | D:6      | Noticed Edmund
  3731 | D:6      | Killed Edmund
  3820 | D:6      | Slain by a two-headed ogre

Illustrated notes

Levels and vault maps discovered:
D:1:      eino_arrival_water_star, layout_basic, hangedman_decor_push,
          kennysheep_nondescript, st_stairs_4
D:2:      layout_loops_corners
D:3:      layout_rooms, serial_undead, serial_undead_d, serial_undead_e,
          serial_undead_c, serial_undead_f, ebering_ecumenical_altar_petrified
D:4:      layout_basic, corexii_leaking_fountain, kennysheep_cluttered_room,
          item_on_display_a
D:5:      cheibrodos_fzero, layout_rooms, nicolae_overflow_hidden_temple,
          minmay_temple_entry_junction, minmay_fractal_squares_5, uniq_pikel
D:6:      lemuel_castle_with_subvaults [lemuel_castle_interior_carwin_2],
          layout_loops_ring, grunt_ministairs_1, roderic_three_in_a_row,
          supply_closet_lemuel, uniq_menkaure, uniq_edmund, uniq_eustachio

Skill      XL: |  1  2  3  4  5  6  7  8 |
---------------+-------------------------+-----
Ice Magic      | 1 2 3 4 5 |  5.9
Transmutations | 3 4 5 6 |  6.3
Fighting       | 2 3 |  3.6
Unarmed Combat | 4 |  4.8
Dodging        | |  2.0
Spellcasting   | |  2.0

Action                   |  1- 3 |  4- 6 |  7- 9 || total
-------------------------+-------+-------+-------++-------
Melee: Unarmed           |    72 |   139 |    94 ||   305
       Tentacles         |    18 |    26 |     3 ||    47
       Constrict         |    17 |    36 |     3 ||    56
       Kick              |     8 |    38 |     1 ||    47
       Punch             |     2 |     2 |       ||     4
 Cast: Beastly Appendage |    13 |    15 |     2 ||    30
       Wereblood         |       |     3 |       ||     3
       Ice Form          |       |     1 |     6 ||     7
  Use: Potion            |       |     1 |     1 ||     2
 Stab: Sleeping          |     7 |       |       ||     7
       Distracted        |       |     1 |       ||     1
Armor: Skin              |    11 |    23 |    31 ||    65
Dodge: Dodged            |    44 |    56 |    44 ||   144

Table legend: (Time is in decaauts)
 A = Elapsed time spent in this place.
 B = Non-inter-level travel time spent in this place.
 C = Inter-level travel time spent in this place.
 D = Time resting spent in this place.
 E = Time spent auto-exploring this place.
 F = Levels seen in this place.
 G = Mean time per level.
                   A        B        C        D        E       F      G
               +--------+--------+--------+--------+--------+-----+--------+
         Total |   3796 |   3716 |     80 |    313 |   2398 |   6 |  632.7 |
       Dungeon |   3796 |   3716 |     80 |    313 |   2398 |   6 |  632.7 |
               +--------+--------+--------+--------+--------+-----+--------+

Top non-repeatable levels by time:
     D:1: 1022 daAuts
     D:2: 908 daAuts
     D:6: 902 daAuts
     D:3: 594 daAuts
     D:4: 348 daAuts
     D:5: 19 daAuts
